 Dungeon Crawl Stone Soup version 0.31-a0-232-gb1c03b2570 (webtiles) character file.

Game seed: 14471515960979388586

214 qw the Shooter (level 5, -9/30 HPs)
             Began as a Gargoyle Hexslinger on July 7, 2023.
             Mangled by an ice beast (11 damage)
             ... on level 5 of the Dungeon.
             The game lasted 00:01:00 (2847 turns).

qw the Shooter (Gargoyle Hexslinger)                Turns: 2847, Time: 00:01:00

Health: -9/30      AC:  9    Str: 12    XL:     5   Next: 91%
Magic:  6/6        EV: 10    Int: 13    God:
Gold:   154        SH:  0    Dex: 14    Spells: 5/6 levels left

rFire   . . .        c - +0 shortbow
rCold   . . .        (shield currently unavailable)
rNeg    + . .        b - +0 ring mail
rPois   inf          (no helmet)
rElec   +            (no cloak)
rCorr   .            (no gloves)
SInv    .            (no boots)
Will    .....        (no amulet)
Stlth   +            (no ring)
HPRegen 0.25/turn    (no ring)
MPRegen 0.10/turn

%: no passive effects
@: about to teleport
A: sickness immunity, AC +4, negative energy resistance 1, electricity
resistance, torment resistance 1, petrification resistance
a: no special abilities


You were on level 5 of the Dungeon.
You visited 1 branch of the dungeon, and saw 5 of its levels.

You collected 154 gold pieces.


Innate Abilities, Weirdness & Mutations

You are immune to sickness and miasma.
Your stone body is resilient. (AC +4)
You are immune to poison.
You resist negative energy. (rN+)
You are resistant to electric shocks. (rElec)
You are resistant to unholy torment.
You are immune to petrification.


   Skills:
 + Level 2.1 Fighting
 - Level 5.2 Ranged Weapons
 - Level 1.8 Armour
 - Level 1.5 Dodging
 - Level 1.0 Spellcasting
 - Level 2.6 Hexes


You had 5 spell levels left.
You knew the following spells:

 Your Spells              Type           Power      Damage    Failure   Level
a - Slow                  Hex            28%        N/A       21%         1

Your spell library contained the following spells:

 Spells                   Type           Power      Damage    Failure   Level
 Inner Flame              Hex/Fire       4%         N/A       71%         3
 Portal Projectile        Hex/Tloc       8%         N/A       71%         3
 Cause Fear               Hex            3%         N/A       90%         4

Inventory:

Hand Weapons
 c - a +0 shortbow (weapon)
Armour
 b - a +0 ring mail (worn)
Scrolls
 a - a scroll of identify
 d - 2 scrolls of teleportation
Potions
 f - 2 potions of cancellation
 g - a potion of attraction {unknown}

Dungeon Overview and Level Annotations

Branches:
Dungeon (5/15)
 Temple: D:4-7

Altars:
The Shining One

Shops:
D:2 :   D:4 :(

Portals:
Abyss: D:4

Annotations:
D:4 2 transporters, qw's ghost, weakling GrHs


Message History

The white imp gestures at you.
The puff of frost hits you but does no damage.
You shoot an arrow. The arrow closely misses the white imp.
The white imp hits you but does no damage.
You shoot an arrow. The arrow hits the white imp!
The white imp is almost dead.
The white imp gestures at you. The puff of frost misses you.
The white imp closely misses you.
You shoot an arrow. The arrow hits the white imp!
You kill the white imp!
There is a stone staircase leading up here.
An ice beast comes into view.
You shoot an arrow. The arrow barely misses the ice beast.
You shoot an arrow. The arrow barely misses the ice beast.
You shoot an arrow. The arrow hits the ice beast!
The ice beast is moderately wounded.
You shoot an arrow. The arrow hits the ice beast.
The ice beast is moderately wounded.
You shoot an arrow. The arrow hits the ice beast.
The ice beast is heavily wounded.
The ice beast hits you but does no damage.
You shoot an arrow.
The arrow hits the ice beast but does no damage.
The ice beast is heavily wounded.
The ice beast hits you. The ice beast freezes you.
You shoot an arrow. The arrow closely misses the ice beast.
The ice beast hits you but does no damage. x2
You shoot an arrow. The arrow hits the ice beast.
The ice beast is severely wounded.
The ice beast barely misses you.
You shoot an arrow. The arrow hits the ice beast.
The ice beast is severely wounded.
The ice beast hits you. The ice beast freezes you!
You shoot an arrow. The arrow closely misses the ice beast.
The ice beast hits you. The ice beast freezes you!
2847 ||| READING 3 scrolls of teleportation.
As you read the scroll of teleportation, it crumbles to dust.
You feel strangely unstable. The ice beast hits you. The ice beast freezes you!
You die...

#######
######.##..# .
#......<...###....
#........##@Y.....#
...#....#..........
.......###.#.......
....... #.#.......
....#.. ..........
..####. ...#.##....
.. ## #.. .: ....
#.. ## #..


You could see an ice beast.

Vanquished Creatures
  A water moccasin (D:4)
  A hound (D:4)
  An adder (D:3)
  A white imp (D:5)
  2 worms
  6 endoplasms
  9 goblins
  4 hobgoblins
  2 jackals (D:1)
  3 quokkas
  12 ball pythons
  A bat (D:1)
  3 frilled lizards
  8 kobolds
  5 rats
59 creatures vanquished.

Notes
Turn   | Place    | Note
-------+----------+-------------------------------------------
     0 | D:1      | qw the Gargoyle Hexslinger began the quest for the Orb.
     0 | D:1      | Reached XP level 1. HP: 12/12 MP: 2/2
     0 | D:1      | 0 ||| qw: Version: 0.3-a-46-gb1f654a
     0 | D:1      | 0 ||| qw: Game counter: 2668
     0 | D:1      | 0 ||| qw: Melee chars always use a shield: true
     0 | D:1      | 0 ||| qw: God list: Okawaru
     0 | D:1      | 0 ||| qw: Allow faded altars: false
     0 | D:1      | 0 ||| qw: Do Orc after clearing Dungeon:15 true
     0 | D:1      | 0 ||| qw: Do second Lair branch before Depths: true
     0 | D:1      | 0 ||| qw: Lair rune preference: random
     0 | D:1      | 0 ||| qw: Goals: Normal
     0 | D:1      | 0 ||| PLANNING D:1-11
     2 | D:1      | Noticed an elf
     4 | D:1      | Noticed a vampire
     6 | D:1      | Noticed a spriggan
     6 | D:1      | Noticed a merfolk
     8 | D:1      | Noticed a draconian
     8 | D:1      | Noticed a demonspawn
    10 | D:1      | Noticed a ghoul
    10 | D:1      | Noticed a meteoran
    12 | D:1      | Noticed an ogre
    12 | D:1      | Noticed a tengu
    14 | D:1      | Noticed a formicid
    14 | D:1      | Noticed an octopode
    16 | D:1      | Noticed a gargoyle
    18 | D:1      | Noticed a felid
    18 | D:1      | Noticed a human
    20 | D:1      | Noticed a troll
    20 | D:1      | Noticed a demigod
    22 | D:1      | Noticed a minotaur
    22 | D:1      | Noticed an armataur
    24 | D:1      | Noticed a vine stalker
    24 | D:1      | Noticed a naga
    26 | D:1      | Noticed a troll
   151 | D:1      | Reached XP level 2. HP: 14/16 MP: 3/3
   218 | D:1      | Reached skill level 3 in Ranged Weapons
   664 | D:1      | 664 ||| UPGRADING to +0 leather armour.
   674 | D:1      | 674 ||| DROPPING +0 robe.
   675 | D:1      | 675 ||| READING 2 scrolls labelled GUMNEU HIJESM.
   676 | D:1      | 676 ||| DROPPING scroll of poison.
   686 | D:2      | Found a glowing golden altar of the Shining One.
   721 | D:2      | Found Tequt's Vocational Training.
   737 | D:2      | Reached XP level 3. HP: 21/21 MP: 4/4
  1377 | D:2      | 1377 ||| UPGRADING to +0 ring mail.
  1387 | D:2      | 1387 ||| DROPPING +0 leather armour.
  1388 | D:2      | 1388 ||| READING scroll labelled KUINYBR GOTE.
  1389 | D:2      | 1389 ||| READING 3 scrolls labelled WIRGHA XALITIPN.
  1393 | D:2      | 1393 ||| READING 2 scrolls of identify.
  1393 | D:2      | 1393 ||| IDENTIFYING lumpy orange potion
  1394 | D:2      | 1394 ||| DROPPING potion of lignification.
  1459 | D:3      | Reached XP level 4. HP: 26/26 MP: 5/5
  1594 | D:3      | Reached skill level 4 in Ranged Weapons
  1628 | D:3      | You fall into a shaft and drop 1 floor!
  1632 | D:4      | Found a one-way gate to the infinite horrors of the Abyss.
  1632 | D:4      | Noticed qw's ghost (weakling GrHs)
  1634 | D:4      | Found a transporter.
  1651 | D:4      | Found Uwkismui's Book Shoppe.
  1707 | D:4      | Reached skill level 1 in Armour
  1785 | D:4      | Found a transporter.
  1892 | D:4      | 1892 ||| READING scroll labelled IKARPH WENGAENE.
  1893 | D:4      | 1893 ||| DRINKING 2 fizzy green potions.
  2090 | D:3      | Found a faded altar of an unknown god.
  2245 | D:3      | 2245 ||| READING scroll labelled JIYSHE HUEN.
  2308 | D:4      | 2308 ||| SWAPPING to +0 shortbow.
  2309 | D:4      | 2309 ||| DROPPING +1 sling.
  2369 | D:4      | Found Jeh Ych's Weapon Shop.
  2374 | D:4      | 2374 ||| SHOPLISTING +10 sling "Killer Bee's Foe" {flame,
                  | rN+ Int+4 SInv} (841 gold, have 129).
  2722 | D:4      | 2722 ||| READING 2 scrolls of identify.
  2722 | D:4      | 2722 ||| IDENTIFYING sapphire potion
  2751 | D:5      | Entered Level 5 of the Dungeon
  2751 | D:5      | Noticed a water moccasin
  2755 | D:5      | 2755 ||| STAIRDANCE
  2768 | D:4      | HP: 6/26 [water moccasin (4)]
  2769 | D:4      | 2769 ||| READING 4 scrolls of teleportation.
  2770 | D:4      | 2770 ||| DRINKING potion of heal wounds.
  2772 | D:4      | Killed a water moccasin
  2773 | D:4      | Reached skill level 5 in Ranged Weapons
  2773 | D:4      | Reached XP level 5. HP: 26/30 MP: 6/6
  2836 | D:5      | Noticed an ice beast
  2846 | D:5      | HP: 2/30 [ice beast (11)]
  2847 | D:5      | 2847 ||| READING 3 scrolls of teleportation.
  2847 | D:5      | Mangled by an ice beast

Levels and vault maps discovered:
D:1:      kb_arrival_jail, layout_loops_cross, amcnicky_mini_pool_small,
          chequers_garden
D:2:      layout_loops_ring, basic_altar, nicolae_shop_vocational
D:3:      layout_basic, dreamdust_ecumenical_altar_angels_and_demons,
          minivault_25, chequers_serial_rivers_micro_b, hex_medium,
          minmay_liquid_box, interstate_on_off, minmay_surrounded
D:4:      layout_basic, serial_shops, nicolae_shop_hallway_stairs,
          nicolae_shop_just_a_little_nook, gammafunk_ghost_abyssal_escape,
          eino_small_chamber_without_monster
D:5:      layout_cave_pools, minmay_temple_entry_waves, uniq_duvessa, uniq_ijyb,
          uniq_crazy_yiuf_cottage

Skill      XL: |  1  2  3  4 |
---------------+-------------+-----
Ranged Weapons | 3 5 |  5.2
Fighting       | 2 |  2.1
Armour         | 1 |  1.8
Dodging        | |  1.5
Spellcasting   | |  1.0
Hexes          | |  2.6

Action                     |  1- 3 |  4- 6 || total
---------------------------+-------+-------++-------
   Fire: Sling             |   135 |    50 ||   185
         Shortbow          |       |    38 ||    38
    Use: Scroll            |     4 |     5 ||     9
         Potion            |       |     2 ||     2
 Armour: Robe              |     4 |       ||     4
         Leather armour    |    13 |       ||    13
         Ring mail         |     7 |    30 ||    37
  Dodge: Dodged            |    52 |    37 ||    89

Table legend:
 A = Non-vault XP
 B = Vault XP
 C = Vault XP percentage of total XP
 D = Non-vault monster count
 E = Vault monster count
 F = Vault count percentage of total count
                 A         B        C        D         E       F
            +---------+---------+-------+---------+---------+-------
      Total |     286 |      20 |   6.5 |      55 |       4 |   6.8
            +---------+---------+-------+---------+---------+-------
        D:1 |      30 |       0 |   0.0 |      18 |       0 |   0.0
        D:2 |      27 |       0 |   0.0 |      15 |       0 |   0.0
        D:3 |      22 |      20 |  47.6 |      12 |       4 |  25.0
        D:4 |     197 |       0 |   0.0 |       9 |       0 |   0.0
        D:5 |      10 |       0 |   0.0 |       1 |       0 |   0.0
            +---------+---------+-------+---------+---------+-------
